 Dungeon Crawl Stone Soup version 0.27.1-15-g792fb953b9 (webtiles) character file.

Game seed: 11200528073309380662

23 ggallus the Shield-Bearer (level 2, -4/27 HPs)
             Began as a Minotaur Fighter on Nov 18, 2021.
             Was an Initiate of Gozag.
             Slain by a gnoll (6 damage)
             ... on level 2 of the Dungeon.
             The game lasted 00:03:15 (1275 turns).

ggallus the Shield-Bearer (Minotaur Fighter)        Turns: 1275, Time: 00:03:15

Health: -4/27      AC:  7    Str: 20    XL:     2   Next: 75%
Magic:  1/1        EV:  7    Int:  5    God:    Gozag
Gold:   79         SH:  9    Dex:  9    Spells: 1/1 levels left

rFire    . . .     SeeInvis .   a - +0 long sword
rCold    . . .     Faith    .   c - +0 kite shield
rNeg     . . .     Spirit   .   b - +0 scale mail
rPois    .         Reflect  .   (helmet restricted)
rElec    .         Harm     .   (no cloak)
rCorr    .         Rampage  .   (no gloves)
Will     .....                  (no boots)
Stlth    ..........             (no amulet)
HPRegen  0.09/turn              (no ring)
MPRegen  0.07/turn              (no ring)

@: mighty, hasted, very quick
A: horns 2, retaliatory headbutt
a: Renounce Religion, Potion Petition, Call Merchant, Bribe Branch


You were on level 2 of the Dungeon.
You worshipped Gozag.
Gozag was noncommittal.
You visited 1 branch of the dungeon, and saw 2 of its levels.

You collected 79 gold pieces.

Inventory:

Hand Weapons
 a - a +0 long sword (weapon)
Armour
 b - a +0 scale mail (worn)
 c - a +0 kite shield (worn)
Scrolls
 g - a scroll of magic mapping {unknown}
 j - a scroll of vulnerability {unknown}
 k - a scroll of holy word {unknown}
Potions
 e - a potion of lignification {unknown}
 f - 2 potions of haste
 h - a potion of heal wounds {unknown}
 i - a potion of curing {unknown}


   Skills:
 + Level 4.0 Fighting
 + Level 2.5 Long Blades
 + Level 4.0 Armour
 + Level 0.2 Dodging
 + Level 4.1 Shields


You had one spell level left.
You didn't know any spells.
Your spell library contained the following spells:

 Spells                   Type           Power      Damage    Failure   Level
 Stone Arrow              Conj/Erth      0%         3d7       100%        3
 Animate Armour           Summ/Erth      0%         N/A       100%        4
 Lehudib's Crystal Spear  Conj/Erth      0%         10d2      100%        8


Dungeon Overview and Level Annotations

Branches:
Dungeon (2/15)

Altars:
Gozag


Innate Abilities, Weirdness & Mutations

You have a pair of horns on your head.
You reflexively headbutt those who attack you in melee.


Message History

A hobgoblin comes into view.
The hobgoblin shouts!
You hear a shout! x2
A hobgoblin is nearby! 2 gnolls come into view.
The gnoll shouts!
The gnoll moves out of view.
A gnoll comes into view. It is wielding a +0 spear.
A worm comes into view.
The hobgoblin closely misses you.
A gnoll comes into view. It is wielding a +0 spear.
The hobgoblin hits you. The gnoll barely misses you. You furiously retaliate!
You headbutt the gnoll! You block the hobgoblin's attack.
The gnoll barely misses you. You block the gnoll's attack.
You closely miss the gnoll.
The gnoll is almost dead.
The gnoll hits you with a +0 spear.
The hobgoblin hits you but does no damage.
You block the gnoll's attack. The gnoll hits you but does no damage.
The gnoll hits you with a +0 spear.
You closely miss the gnoll.
The gnoll is almost dead.
You block the hobgoblin's attack. The gnoll hits you but does no damage.
The gnoll hits you with a +0 whip. You block the gnoll's attack.
The hobgoblin closely misses you. The gnoll closely misses you.
You block the gnoll's attack. You block the gnoll's attack.
You block the hobgoblin's attack. You block the gnoll's attack.
You feel very mighty all of a sudden. The gnoll barely misses you.
The gnoll hits you from afar with a +0 spear.
* * * LOW HITPOINT WARNING * * *
You block the hobgoblin's attack. The gnoll hits you with a +0 club.
* * * LOW HITPOINT WARNING * * *
The gnoll closely misses you.
It was a potion of haste.
You feel yourself speed up. The gnoll closely misses you.
The gnoll hits you but does no damage. You block the hobgoblin's attack.
The gnoll hits you with a +0 club.
You die...
Your body crumbles into a pile of gold.

.........#...)..#
................#.#
..............#.#.# #
..................#####.#
..............#..........
....[............#.......
.........#####...........
................g.w......
...........#....@gg......
.........#.#.#..g.g......
...........#.............
.............#.........##
...#.........+.........#
...#.........#.........#
..........#.........#
.######.........#


You could see a worm, 4 gnolls and a hobgoblin.

Vanquished Creatures
  A dart slug (D:1)
  2 endoplasms (D:1)
  A giant cockroach (D:1)
  3 goblins
  2 hobgoblins
  2 quokkas
  2 ball pythons (D:1)
  4 bats
  2 frilled lizards
  A kobold (D:2)
  A rat (D:1)
21 creatures vanquished.

Notes
Turn   | Place    | Note
-------+----------+-------------------------------------------
     0 | D:1      | ggallus the Minotaur Fighter began the quest for the Orb.
     0 | D:1      | Reached XP level 1. HP: 19/19 MP: 0/0
   398 | D:1      | Reached XP level 2. HP: 27/27 MP: 1/1
  1165 | D:2      | Found a faded altar of an unknown god.
  1185 | D:2      | Became a worshipper of Gozag Ym Sagoz the Greedy
  1275 | D:2      | Slain by a gnoll

Illustrated notes

Levels and vault maps discovered:
D:1:      onia_arrival_mini_maze, layout_loops_corners
D:2:      layout_basic, hellmonk_ecumenical_altar_pennies_from_heaven

Skill      XL: |  1  2 |
---------------+-------+-----
Shields        | 4 |  4.1
Armour         | 4 |  4.0
Fighting       | 4 |  4.0
Long Blades    | |  2.5
Dodging        | |  0.2

Action                   || total
-------------------------++-------
Melee: Long sword        ||    32
       Headbutt          ||     7
  Use: Potion            ||     2
Armor: Scale mail        ||    30
Dodge: Dodged            ||    17
Block: Kite shield       ||    31
       Rpst.: Long sword ||     2
